Map: Odyssey LE

Players

Yata - Winner!

  • Race: Zerg Zerg
  • League: Gold
  • Spawn Location: 5:00

BabyShoes

  • Race: Terran Terran
  • League: Platinum
  • Spawn Location: 11:00

VOD

Have the link to the VOD?

Description

Time

  • Played on: Sept. 10, 2017, 10:57 p.m.
  • Length: 15:40
Show
View Real Time Build Order
Export as new Build Order

Yata Zerg - Winner!

Build Orders: Hatch First 

Get SALT Encoding   

  12  0:01  Drone  
  13  0:12  Overlord  
  13  0:17  Drone  
  14  0:30  Drone  
  14  0:31  Drone  
  16  0:36  Drone  
  17  0:55  Drone  
  18  0:57  Hatchery  
  18  0:59  Drone  
  18  1:09  Extractor  
  17  1:13  Spawning Pool  
  17  1:16  Drone  
  17  1:20  Drone  
  18  1:28  Drone  
  19  1:49  Overlord  
  19  2:00  Queen  
  21  2:09  Queen  
  21  2:10  Zergling x4  
  21  2:12  Metabolic Boost  
  25  2:18  Drone  
  26  2:24  Drone  
  26  2:25  Drone  
  28  2:33  Baneling Nest  
  28  2:34  Drone x2  
  29  2:41  Drone  
  30  2:56  Drone x3  
  33  3:09  Evolution Chamber  
  33  3:11  Drone x2  
  34  3:20  Zergling x2  
  34  3:21  Zergling x2  
  34  3:23  Overlord x2  
  37  3:41  Drone x3  
  37  3:42  Drone x2  
  37  3:46  Baneling  
  37  3:47  Baneling  
  41  3:50  Zerg Melee Weapons Level 1  
  41  3:53  Baneling  
  41  3:55  Baneling  
  38  4:07  Drone x5  
  43  4:27  Drone  
  43  4:31  Zergling x14  
  50  5:14  Hatchery  
  48  5:15  Overlord x3  
  48  5:17  Lair  
  48  5:20  Extractor  
  47  5:22  Drone x3  
  50  5:29  Extractor  
  50  5:30  Spore Crawler  
  50  5:31  Spore Crawler  
  47  5:37  Drone  
  47  5:38  Drone x2  
  47  5:39  Drone x2  
  47  5:40  Drone  
  53  5:43  Queen  
  55  5:53  Zerg Missile Weapons Level 1  
  55  6:20  Hydralisk Den  
  55  6:24  Overseer  
  54  6:30  Drone x12  
  54  6:31  Queen x2  
  70  6:33  Queen  
  69  6:50  Hydralisk x2  
  73  6:55  Overlord x5  
  73  6:59  Zergling x2  
  74  7:04  Muscular Augments  
  70  7:25  Hydralisk x3  
  70  7:26  Hydralisk x5  
  84  7:47  Hydralisk x3  
  90  7:57  Extractor  
  89  8:01  Queen  
  89  8:03  Hydralisk  
  89  8:04  Hydralisk x2  
  97  8:08  Zergling x2  
  97  8:09  Zergling x10  
  103  8:22  Drone x3  
  104  8:39  Zergling x4  
  104  8:40  Zergling x10  
  101  8:45  Zergling x2  
  89  9:03  Hydralisk  
  89  9:04  Hydralisk x6  
  72  10:17  Hatchery  
  61  10:30  Hatchery  
  61  10:35  Hatchery  
  59  10:41  Hatchery  
  53  11:56  Spawning Pool  
  52  12:10  Drone  
  53  13:00  Zergling x12  
  53  13:01  Zergling x12  
  65  13:14  Zergling x2  
  65  13:15  Zergling x6  
  69  14:02  Zergling x10  
  74  14:03  Zergling x14  
  81  14:12  Lair  
  81  14:36  Zergling x2  
  81  14:37  Zergling x22  
  92  14:50  Zergling x2  
  92  14:51  Zergling x6  
Show
View Real Time Build Order
Export as new Build Order

BabyShoes Terran 

Build Orders: Reaper Expand, MMM Bio 

Get SALT Encoding   

  12  0:01  SCV  
  13  0:13  SCV  
  14  0:17  Supply Depot  
  14  0:25  SCV  
  15  0:37  Refinery  
  15  0:39  SCV  
  16  0:45  Barracks  
  16  0:51  SCV  
  17  1:04  SCV  
  18  1:18  SCV  
  19  1:31  Orbital Command  
  19  1:33  Reaper  
  20  1:41  Command Center  
  20  1:57  Supply Depot  
  20  1:58  SCV  
  21  2:11  Factory  
  21  2:12  SCV  
  21  2:13  Refinery  
  22  2:16  Marine  
  23  2:28  Bunker  
  24  2:37  SCV  
  24  2:59  Orbital Command  
  24  3:01  Barracks Reactor  
  24  3:06  Factory Reactor  
  24  3:07  Starport  
  24  3:08  SCV  
  24  3:10  Factory Tech Lab  
  25  3:24  SCV x2  
  27  3:28  Barracks  
  27  3:30  Engineering Bay  
  27  3:38  Marine x2  
  29  3:42  SCV x2  
  32  4:10  SCV x2  
  33  4:20  Barracks Tech Lab  
  33  4:21  Supply Depot, Marine x2  
  35  4:25  Refinery  
  35  4:27  Refinery  
  35  4:30  Supply Depot  
  35  4:32  Supply Depot  
  35  4:33  SCV x2  
  35  4:35  Factory Reactor  
  37  4:41  Engineering Bay  
  37  4:45  SCV x2  
  32  4:53  Supply Depot  
  32  4:55  Supply Depot  
  32  4:57  Supply Depot  
  34  5:00  Supply Depot, Raven  
  34  5:06  Marine x2  
  36  5:08  Marine  
  36  5:12  SCV x2  
  39  5:24  SCV x2  
  41  5:31  Missile Turret  
  41  5:38  Widow Mine x2  
  45  5:42  Stimpack  
  45  5:47  SCV x2  
  47  5:51  Raven  
  47  5:53  Missile Turret  
  49  5:59  Marine x2, SCV x2  
  52  6:30  Barracks  
  52  6:34  Factory Tech Lab  
  52  6:43  Marine  
  52  6:44  Marine x2  
  58  6:54  Barracks, Siege Tank  
  58  6:57  SCV  
  58  6:58  SCV  
  58  7:00  Medivac x2  
  64  7:01  Marine  
  64  7:03  Terran Infantry Weapons Level 1  
  64  7:04  Terran Infantry Armor Level 1  
  65  7:09  SCV  
  65  7:10  Armory, SCV  
  67  7:17  Command Center  
  67  7:46  Marine x3  
  70  7:54  Siege Tank  
  73  8:00  Medivac x2  
  73  8:03  Combat Shields  
  77  8:07  Barracks  
  77  8:12  Command Center  
  77  8:22  Supply Depot  
  77  8:23  Supply Depot  
  64  8:51  Orbital Command  
  12  10:27  SCV  
  13  10:51  Marine  
  13  11:27  SCV  
  13  11:43  Engineering Bay  
  13  12:29  Planetary Fortress, Command Center  
  11  13:04  Supply Depot  
  11  13:06  SCV  
  11  13:12  Orbital Command  
  12  13:19  SCV  
  13  13:33  Barracks  
  13  13:39  SCV x2  
  15  13:49  Supply Depot  
  15  13:50  SCV  
  15  13:51  SCV  
  17  13:56  Refinery  
  17  14:00  SCV  
  18  14:11  SCV x2  
  20  14:23  Factory  
  20  14:24  Orbital Command  
  20  14:28  Refinery  
  20  14:31  Barracks Tech Lab  
  1  15:23  Supply Depot  
Tags
 
Composition
MMM Bio
Matchup
TvZ
Replay Pack
Pack 1
Spawn Locations
Cross Positions
Add a new tag
Caveats
  • Supply blocks, unpowered buildings, or Contaminate may cause inaccurate times.
  • Supply counts are checked every 10 seconds.